 Dungeon Crawl Stone Soup version 0.30-a0-341-g682706514a (webtiles) character file.

Game seed: 4974101870144697840

296 Darkkill the Shooter (level 6, -1/53 HPs)
             Began as a Minotaur Hunter on Nov 1, 2022.
             Was an Initiate of Nemelex Xobeh.
             Succumbed to an orc's poison
             ... on level 5 of the Dungeon.
             The game lasted 00:03:19 (3569 turns).

Darkkill the Shooter (Minotaur Hunter)              Turns: 3569, Time: 00:03:20

Health: -1/53      AC:  6    Str: 15    XL:     6   Next: 12%
Magic:  5/5        EV: 13    Int:  6    God:    Nemelex Xobeh [......]
Gold:   161        SH:  0    Dex: 16    Spells: 5/5 levels left

rFire   . . .      SeeInvis .    a - +0 shortbow
rCold   . . .      Faith    .    (shield currently unavailable)
rNeg    . . .      Spirit   .    c - +1 leather armour
rPois   .          Reflect  .    (helmet restricted)
rElec   .          Harm     .    (no cloak)
rCorr   .          Rampage  .    (no gloves)
Will    .....                    d - +1 pair of boots
Stlth   ++........               (no amulet)
HPRegen 0.28/turn                (no ring)
MPRegen 0.09/turn                (no ring)

@: lethally poisoned (-1 -> -6)
A: horns 2, retaliatory headbutt
a: Renounce Religion, Draw Escape, Draw Destruction, Draw Summoning


You were on level 5 of the Dungeon.
You worshipped Nemelex Xobeh.
Nemelex Xobeh was noncommittal.
You visited 2 branches of the dungeon, and saw 6 of its levels.

You collected 161 gold pieces.

Inventory:

Hand Weapons
 a - a +0 shortbow (weapon)
Missiles
 e - a boomerang of dispersal {=f !f}
 j - 48 stones
 o - 2 boomerangs
 q - 4 poisoned darts
Armour
 c - a +1 leather armour (worn)
 d - a +1 pair of boots (worn)
Jewellery
 f - a ring of fire
 i - a ring of flight
Wands
 g - a wand of digging (4)
Potions
 m - a potion of mutation


   Skills:
 + Level 4.4 Fighting
 + Level 5.5 Ranged Weapons
 + Level 4.0 Dodging
 + Level 2.7 Stealth


You had 5 spell levels left.
You didn't know any spells.
Your spell library contained the following spells:

 Spells                   Type           Power      Damage    Failure   Level
 Blink                    Tloc           0%         N/A       67%         2
 Ensorcelled Hibernation  Hex/Ice        0%         N/A       67%         2
 Momentum Strike          Conj/Tloc      0%         3d8       67%         2
 Lesser Beckoning         Tloc           0%         N/A       88%         3
 Spider Form              Tmut/Pois      0%         N/A       88%         3
 Anguish                  Hex/Necr       0%         N/A       99%         4


Dungeon Overview and Level Annotations

Branches:
Dungeon (5/15)             Temple (1/1) D:4

Altars:
Cheibriados
Dithmenos
Elyvilon
Gozag
Hepliaklqana
Makhleb
Nemelex Xobeh
Qazlal
Sif Muna
Trog
Uskayaw
Vehumet
Wu Jian
Yredelemnul
Zin
The Shining One


Innate Abilities, Weirdness & Mutations

You have a pair of horns on your head.
You reflexively headbutt those who attack you in melee.


Message History

Ijyb is heavily wounded.
Ijyb closely misses you. The hound bites you but does no damage.
Fire: a) +0 shortbow
Press: ? - help, Q - select action, (/) - cycle Shift-Dir - straight line, f/p - Ijyb
Aim: Ijyb, wielding a +0 dagger, wearing a +0 ring mail and carrying a wand of iceblast (11) (heavily wounded, berserk, 61% to hit)
You shoot an arrow. The arrow hits Ijyb.
Ijyb is severely wounded.
Ijyb hits you with a +0 dagger. The hound barely misses you.
You furiously retaliate!
You headbutt the hound. The hound completely misses you.
The hound barely misses you. Ijyb hits you with a +0 dagger.
Fire: a) +0 shortbow
Press: ? - help, Q - select action, (/) - cycle Shift-Dir - straight line, f/p - Ijyb
Aim: Ijyb, wielding a +0 dagger, wearing a +0 ring mail and carrying a wand of iceblast (11) (severely wounded, berserk, 61% to hit)
You shoot an arrow. The arrow hits Ijyb.
Ijyb is severely wounded.
The hound barely misses you. x2; The hound closely misses you.
You furiously retaliate!
You headbutt the hound! Ijyb barely misses you.
The hound bites you but does no damage. x2; The hound closely misses you.
You furiously retaliate!
You headbutt the hound. Ijyb barely misses you.
Fire: a) +0 shortbow
Press: ? - help, Q - select action, (/) - cycle Shift-Dir - straight line, f/p - Ijyb
Aim: Ijyb, wielding a +0 dagger, wearing a +0 ring mail and carrying a wand of iceblast (11) (severely wounded, berserk, 61% to hit)
You shoot an arrow. The arrow hits Ijyb but does no damage.
Ijyb is severely wounded.
The hound bites you but does no damage. The hound bites you.
The hound barely misses you. Ijyb barely misses you.
The hound bites you but does no damage. The hound closely misses you.
The hound barely misses you. Ijyb hits you with a +0 dagger.
Fire: a) +0 shortbow
Press: ? - help, Q - select action, (/) - cycle Shift-Dir - straight line, f/p - Ijyb
Aim: Ijyb, wielding a +0 dagger, wearing a +0 ring mail and carrying a wand of iceblast (11) (severely wounded, berserk, 61% to hit)
You shoot an arrow. The arrow closely misses Ijyb.
The hound barely misses you. The hound closely misses you.
The hound bites you but does no damage. Ijyb completely misses you.
The hound bites you. The hound barely misses you. x2
Ijyb hits you with a +0 dagger. The orc barely misses you.
You furiously retaliate!
You headbutt the orc.
Fire: a) +0 shortbow
Press: ? - help, Q - select action, (/) - cycle Shift-Dir - straight line, f/p - Ijyb
Aim: Ijyb, wielding a +0 dagger, wearing a +0 ring mail and carrying a wand of iceblast (11) (severely wounded, berserk, 61% to hit)
You shoot an arrow. The arrow hits Ijyb.
Ijyb is almost dead.
The hound bites you but does no damage. The hound barely misses you. x2
You furiously retaliate!
You headbutt the hound. Ijyb hits you but does no damage. The hound bites you.
The hound closely misses you. You furiously retaliate!
You headbutt the hound. The hound closely misses you.
The orc closely misses you. Ijyb hits you with a +0 dagger.
Fire: a) +0 shortbow
Press: ? - help, Q - select action, (/) - cycle Shift-Dir - straight line, f/p - Ijyb
Aim: Ijyb, wielding a +0 dagger, wearing a +0 ring mail and carrying a wand of iceblast (11) (almost dead, berserk, 61% to hit)
You shoot an arrow. The arrow hits Ijyb.
Ijyb is almost dead.
The hound closely misses you. The hound misses you. You furiously retaliate!
You headbutt the hound. The hound misses you. Ijyb completely misses you.
The orc hits you but does no damage.
You are poisoned.
The hound bites you. The hound completely misses you.
The hound barely misses you. Ijyb hits you but does no damage.
Fire: a) +0 shortbow
Press: ? - help, Q - select action, (/) - cycle Shift-Dir - straight line, f/p - Ijyb
Aim: Ijyb, wielding a +0 dagger, wearing a +0 ring mail and carrying a wand of iceblast (11) (almost dead, berserk, 61% to hit)
You shoot an arrow. The arrow barely misses Ijyb.
You feel very sick. The hound closely misses you. You furiously retaliate!
You headbutt the hound! The hound bites you but does no damage.
The hound closely misses you. You furiously retaliate!
You headbutt the hound.
You kill the hound!
Ijyb hits you but does no damage. The orc completely misses you.
You furiously retaliate!
You headbutt the orc!
You kill the orc!
The hound bites you.
* * * LOW HITPOINT WARNING * * *
The hound bites you.
* * * LOW HITPOINT WARNING * * *
Ijyb hits you with a +0 dagger.
* * * LOW HITPOINT WARNING * * *
You have reached level 6!
Fire: a) +0 shortbow
Press: ? - help, Q - select action, (/) - cycle Shift-Dir - straight line, f/p - Ijyb
Aim: Ijyb, wielding a +0 dagger, wearing a +0 ring mail and carrying a wand of iceblast (11) (almost dead, berserk, 61% to hit)
You shoot an arrow. The arrow hits Ijyb.
Ijyb is almost dead.
* * * LOW HITPOINT WARNING * * *
You feel sick. The hound misses you. The hound bites you but does no damage.
Ijyb hits you with a +0 dagger.
* * * LOW HITPOINT WARNING * * *
The hound barely misses you. You furiously retaliate!
You headbutt the hound!
You kill the hound!
The hound bites you but does no damage. Ijyb hits you with a +0 dagger.
* * * LOW HITPOINT WARNING * * *
Your Dodging skill increases to level 4!
Fire: a) +0 shortbow
Press: ? - help, Q - select action, (/) - cycle Shift-Dir - straight line, f/p - Ijyb
Aim: Ijyb, wielding a +0 dagger, wearing a +0 ring mail and carrying a wand of iceblast (11) (almost dead, berserk, 61% to hit)
You shoot an arrow. The arrow hits Ijyb!
You kill Ijyb!
You die...
Your body disappears without a glow.

.. .. #. #.
#.#### ##
#.###....##...#
#....).<.......
.###.†@....(...
#.h)†.......
..............
................
...####...##...#
.. ..).# #### .
.##)# . ..


You could see a hound.

Vanquished Creatures
  3 hounds
  Jessica (D:2)
  Ijyb (D:5)
  An orc wizard (D:4)
  A gnoll (D:3)
  4 adders
  2 worms
  6 orcs
  9 endoplasms
  4 giant cockroaches
  12 goblins
  12 hobgoblins
  8 jackals
  7 kobolds
  4 quokkas
  6 ball pythons
  3 bats (D:3)
  4 frilled lizards
  2 rats (D:1)
90 creatures vanquished.

Vanquished Creatures (others)
  An orc wizard (D:5)
1 creature vanquished.

Grand Total: 91 creatures vanquished

Notes
Turn   | Place    | Note
-------+----------+-------------------------------------------
     0 | D:1      | Darkkill the Minotaur Hunter began the quest for the Orb.
     0 | D:1      | Reached XP level 1. HP: 18/18 MP: 0/0
   153 | D:1      | Reached skill level 1 in Stealth
   162 | D:1      | Reached XP level 2. HP: 25/25 MP: 1/1
   556 | D:1      | Reached XP level 3. HP: 31/31 MP: 2/2
  1043 | D:2      | Noticed Jessica
  1044 | D:2      | Killed Jessica
  1227 | D:2      | Reached XP level 4. HP: 28/38 MP: 3/3
  1789 | D:3      | Reached skill level 5 in Ranged Weapons
  2040 | D:3      | Reached XP level 5. HP: 46/46 MP: 4/4
  2498 | D:4      | HP: 9/46 [orc wizard/+0 dagger (2)]
  2499 | D:4      | HP: 1/46 [orc wizard/puff of flame (7)]
  2867 | D:4      | Found a staircase to the Ecumenical Temple.
  2884 | Temple   | Entered the Ecumenical Temple
  2909 | Temple   | Became a worshipper of Nemelex Xobeh the Trickster
  3547 | D:5      | Entered Level 5 of the Dungeon
  3553 | D:5      | Noticed Ijyb
  3567 | D:5      | HP: 9/46 [hound (3)]
  3568 | D:5      | Reached XP level 6. HP: 5/52 MP: 5/5
  3568 | D:5      | HP: 4/52 [poisoned by an orc]
  3568 | D:5      | HP: 1/52 [Ijyb/+0 dagger (1)]
  3569 | D:5      | Killed Ijyb
  3569 | D:5      | Succumbed to an orc's poison

Illustrated notes

Levels and vault maps discovered:
D:1:      matt_arrival_spirals, layout_loops_corners, grunt_decor_cap
D:2:      layout_loops_ring, minmay_misc_feat_alley, serial_bayou_crossing,
          uniq_jessica
D:3:      layout_loops_corners, minmay_goblin_outpost
D:4:      layout_rooms, minmay_temple_entry_crystal_x, item_on_display_a
D:5:      layout_rooms, nicolae_ru_the_path_less_chosen, uniq_blork_the_orc,
          uniq_ijyb
Temple:   eino_temple_scatter_basement

Skill      XL: |  1  2  3  4  5  6 |
---------------+-------------------+-----
Stealth        | 1 2 |  2.7
Fighting       | 3 4 |  4.4
Dodging        | 3 4 |  4.0
Ranged Weapons | 5 |  5.5

Action                   |  1- 3 |  4- 6 || total
-------------------------+-------+-------++-------
 Fire: Shortbow          |    76 |   150 ||   226
  Use: Scroll            |     3 |     8 ||    11
       Potion            |       |     1 ||     1
Armor: Leather armour    |    10 |    42 ||    52
Dodge: Dodged            |    10 |    88 ||    98

Table legend: (Time is in decaauts)
 A = Elapsed time spent in this place.
 B = Non-inter-level travel time spent in this place.
 C = Inter-level travel time spent in this place.
 D = Time resting spent in this place.
 E = Time spent auto-exploring this place.
 F = Levels seen in this place.
 G = Mean time per level.
                   A        B        C        D        E       F      G
               +--------+--------+--------+--------+--------+-----+--------+
         Total |   3639 |   3491 |    148 |    211 |   2646 |   6 |  606.5 |
       Dungeon |   3430 |   3306 |    124 |    211 |   2495 |   5 |  686.0 |
        Temple |    208 |    184 |     24 |      0 |    151 |   1 |  208.0 |
               +--------+--------+--------+--------+--------+-----+--------+

Top non-repeatable levels by time:
     D:3: 1135 daAuts
     D:1: 1000 daAuts
     D:2: 696 daAuts
     D:4: 571 daAuts
  Temple: 208 daAuts
     D:5: 27 daAuts

Table legend:
 A = Kills in this place as a percentage of kills in entire the game.
 B = Kills by you in this place as a percentage of kills by you in the entire game.
 C = Kills by friends in this place as a percentage of kills by friends in the entire game.
 D = Other kills in this place as a percentage of other kills in the entire game.
 E = Experience gained in this place as a percentage of experience gained in the entire game.
 F = Experience gained in this place divided by the number of levels of this place that you have seen.
                   A       B       C       D       E      F
               +-------+-------+-------+-------+-------+----------------------
         Total | 100.0 | 100.0 |   N/A |   N/A | 100.0 |  74.8
       Dungeon | 100.0 | 100.0 |   N/A |   N/A | 100.0 |  89.8
               +-------+-------+-------+-------+-------+----------------------
